[ PARTIDA AOE2 · #479095987 ]
UnrankedBúlgaros vs Persians
Equipo del jugador · DERR
[ ANÁLISIS DE REPETICIÓN · EXTRAÍDO DE LA PARTIDA GRABADA ]
Feudal
—
Castillos
—
Imperial
—
| APM promedio | 21.3 |
| APM pico | 110 |
| eAPM promedio | 5.9 |
| Aldeanos / militares | 0 / 0 |
Foco
⚔️ 97.6% · 🌾 2.4%
Feudal
—
Castillos
—
Imperial
—
| APM promedio | 43.6 |
| APM pico | 66 |
| eAPM promedio | 17.9 |
| Aldeanos / militares | 0 / 278 |
Foco
⚔️ 97.6% · 🌾 2.4%
Knight ×278
Feudal
—
Castillos
—
Imperial
—
| APM promedio | 36.1 |
| APM pico | 98 |
| eAPM promedio | 3.4 |
| Aldeanos / militares | 0 / 0 |
Foco
⚔️ 95.5% · 🌾 4.5%
Feudal
—
Castillos
—
Imperial
—
| APM promedio | 28.7 |
| APM pico | 113 |
| eAPM promedio | 17.0 |
| Aldeanos / militares | 0 / 488 |
Foco
⚔️ 76.3% · 🌾 23.7%
Archer ×488
Feudal
—
Castillos
—
Imperial
—
| APM promedio | 21.9 |
| APM pico | 46 |
| eAPM promedio | 15.7 |
| Aldeanos / militares | 0 / 454 |
Foco
⚔️ 92.4% · 🌾 7.6%
Knight ×299 · Cavalry Archer ×155
Feudal
—
Castillos
—
Imperial
—
| APM promedio | 21.3 |
| APM pico | 39 |
| eAPM promedio | 9.9 |
| Aldeanos / militares | 0 / 641 |
Foco
⚔️ 81.0% · 🌾 19.0%
Archer ×577 · Knight ×64
Feudal
—
Castillos
—
Imperial
—
| APM promedio | 14.0 |
| APM pico | 36 |
| eAPM promedio | 10.1 |
| Aldeanos / militares | 0 / 517 |
Foco
⚔️ 92.2% · 🌾 7.8%
Camel Scout ×417 · Battering Ram ×60 · Cavalry Archer ×40
Feudal
—
Castillos
—
Imperial
—
| APM promedio | 6.0 |
| APM pico | 30 |
| eAPM promedio | 1.1 |
| Aldeanos / militares | 0 / 0 |
Foco
⚔️ 100.0% · 🌾 0.0%
Mapa de la partida
Recursos iniciales + cada clic de construcción. Líneas = muros · curvas = relieve. ◆ oro · ⬟ piedra · ● bayas · ✦ reliquia · ◌ hueco del cierre
Tu base· Abierta
Base de IroncladLemur23· Abierta — flanco sin cerrar
Base de hygoas· Abierta — flanco sin cerrar
Base de Draven· ✓ Separados por el mapa
Base de 14· Abierta — flanco sin cerrar
Base de SubduedSeeker81· ✓ Separados por el mapa
Base de BRUNVADER· Abierta
Base de Road to Silver 4· Abierta
Terreno inicial suavizado · ◌ = hueco del cierre detectado · pasá el cursor para detalles
Inputs por minuto
— Finn The Human - - IroncladLemur23
Build order — Finn The Human
0 acciones detectadas en el replay
Build order — IroncladLemur23
116 acciones detectadas en el replay
| 10:05 | Investigar | Chain Barding Armor |
| 10:06 | Investigar | Iron Casting |
| 10:06 | Investigar | Bodkin Arrow |
| 10:06 | Investigar | Leather Archer Armor |
| 10:07 | Investigar | Chain Mail Armor |
| 10:10 | Investigar | Ballistics |
| 10:10 | Investigar | Guard Tower (upgrade) |
| 10:12 | Investigar | Kamandaran |
| 20:49 | Investigar | Citadels |
| 20:50 | Investigar | Elite War Elephant (upgrade) |
| 20:51 | Investigar | Spies/Treason |
| 20:52 | Investigar | Conscription |
| 20:53 | Investigar | Sappers |
| 20:53 | Investigar | Sappers |
| 20:55 | Investigar | Plate Barding Armor |
| 20:56 | Investigar | Blast Furnace |
| 20:57 | Investigar | Ring Archer Armor |
| 20:57 | Investigar | Plate Mail Armor |
| 21:00 | Investigar | Chemistry |
| 24:52 | Construir | Stable |
| 24:53 | Construir | Stable |
| 24:55 | Construir | Stable |
| 24:56 | Construir | Stable |
| 24:58 | Construir | Stable |
| 24:59 | Construir | Stable |
| 25:01 | Construir | Stable |
| 25:03 | Construir | Stable |
| 25:05 | Construir | Stable |
| 25:06 | Construir | Stable |
| 25:08 | Construir | Stable |
| 25:09 | Construir | Stable |
| 25:11 | Construir | Stable |
| 25:12 | Construir | Stable |
| 25:13 | Construir | Stable |
| 25:14 | Construir | Stable |
| 25:16 | Construir | Stable |
| 25:17 | Construir | Stable |
| 25:18 | Construir | Stable |
| 25:19 | Construir | Stable |
| 25:21 | Construir | Stable |
| 25:21 | Construir | Stable |
| 25:21 | Construir | Stable |
| 25:22 | Construir | Stable |
| 25:22 | Construir | Stable |
| 25:22 | Construir | Stable |
| 25:25 | Construir | Stable |
| 25:25 | Construir | Stable |
| 25:25 | Construir | Stable |
| 25:26 | Construir | Stable |
| 25:26 | Construir | Stable |
| 25:26 | Construir | Stable |
| 25:29 | Construir | Stable |
| 25:31 | Construir | Stable |
| 25:33 | Construir | Stable |
| 25:34 | Construir | Stable |
| 26:03 | Investigar | Bloodlines |
| 26:09 | Investigar | Cavalier (upgrade) |
| 27:19 | Investigar | Tech 526 |
| 27:20 | Crear | Knight ×5 |
| 27:20 | Crear | Knight ×5 |
| 27:21 | Crear | Knight ×5 |
| 27:21 | Crear | Knight ×5 |
| 27:21 | Crear | Knight ×5 |
| 27:21 | Crear | Knight ×5 |
| 27:22 | Crear | Knight ×5 |
| 27:22 | Crear | Knight ×5 |
| 27:22 | Crear | Knight ×5 |
| 27:22 | Crear | Knight ×5 |
| 27:23 | Crear | Knight ×5 |
| 27:23 | Crear | Knight ×5 |
| 27:23 | Crear | Knight ×5 |
| 27:24 | Crear | Knight ×5 |
| 27:24 | Crear | Knight ×5 |
| 27:24 | Crear | Knight ×5 |
| 27:24 | Crear | Knight ×5 |
| 27:25 | Crear | Knight ×5 |
| 27:25 | Crear | Knight ×4 |
| 27:25 | Crear | Knight ×4 |
| 28:07 | Crear | Knight ×5 |
| 28:07 | Crear | Knight ×5 |
| 28:07 | Crear | Knight ×5 |
| 28:07 | Crear | Knight ×5 |
| 28:08 | Crear | Knight ×5 |
| 28:08 | Crear | Knight ×5 |
| 28:08 | Crear | Knight ×5 |
| 28:09 | Crear | Knight ×5 |
| 28:09 | Crear | Knight ×5 |
| 28:09 | Crear | Knight ×5 |
| 28:09 | Crear | Knight ×3 |
| 28:14 | Crear | Knight ×5 |
| 28:14 | Crear | Knight ×5 |
| 28:14 | Crear | Knight ×5 |
| 28:17 | Crear | Knight ×3 |
| 28:17 | Crear | Knight ×3 |
| 29:09 | Crear | Knight ×5 |
| 29:09 | Crear | Knight ×5 |
| 29:10 | Crear | Knight ×5 |
| 29:10 | Crear | Knight ×5 |
| 29:10 | Crear | Knight ×5 |
| 29:10 | Crear | Knight ×5 |
| 29:11 | Crear | Knight ×5 |
| 29:11 | Crear | Knight ×5 |
| 29:11 | Crear | Knight ×5 |
| 29:11 | Crear | Knight ×5 |
| 29:12 | Crear | Knight ×5 |
| 29:12 | Crear | Knight ×5 |
| 29:12 | Crear | Knight ×5 |
| 29:12 | Crear | Knight ×5 |
| 29:13 | Crear | Knight ×5 |
| 29:13 | Crear | Knight ×5 |
| 29:13 | Crear | Knight ×5 |
| 29:14 | Crear | Knight ×5 |
| 29:14 | Crear | Knight ×5 |
| 29:14 | Crear | Knight ×5 |
| 29:14 | Crear | Knight ×5 |
| 29:16 | Crear | Knight |
Build order — hygoas
21 acciones detectadas en el replay
| 14:04 | Investigar | Iron Casting |
| 14:05 | Investigar | Chain Mail Armor |
| 14:05 | Investigar | Chain Barding Armor |
| 14:07 | Investigar | Bodkin Arrow |
| 14:11 | Investigar | Ballistics |
| 14:13 | Investigar | Treadmill Crane |
| 14:16 | Investigar | Manipur Cavalry |
| 29:41 | Construir | Stable |
| 29:45 | Construir | Stable |
| 29:48 | Construir | Stable |
| 29:51 | Construir | Stable |
| 30:04 | Construir | Siege Workshop |
| 30:07 | Construir | Siege Workshop |
| 30:09 | Construir | Siege Workshop |
| 30:11 | Construir | Siege Workshop |
| 30:14 | Construir | Siege Workshop |
| 30:17 | Construir | Siege Workshop |
| 30:20 | Construir | Siege Workshop |
| 30:23 | Construir | Siege Workshop |
| 30:25 | Construir | Siege Workshop |
| 30:28 | Construir | Siege Workshop |
Build order — Draven
Primeras 150 de 195 acciones detectadas
| 2:29 | Construir | Archery Range |
| 2:31 | Construir | Archery Range |
| 2:32 | Construir | Archery Range |
| 2:34 | Construir | Archery Range |
| 4:17 | Construir | Stone Wall |
| 4:23 | Construir | Gate |
| 5:55 | Construir | Archery Range |
| 5:56 | Construir | Archery Range |
| 5:57 | Construir | Archery Range |
| 5:59 | Construir | Archery Range |
| 6:04 | Crear | Archer |
| 6:05 | Investigar | Crossbowman (upgrade) |
| 6:05 | Investigar | Crossbowman (upgrade) |
| 6:07 | Investigar | Bodkin Arrow |
| 6:07 | Investigar | Leather Archer Armor |
| 6:08 | Investigar | Chain Mail Armor |
| 6:08 | Investigar | Iron Casting |
| 6:09 | Investigar | Iron Casting |
| 6:10 | Investigar | Ballistics |
| 6:11 | Investigar | Guard Tower (upgrade) |
| 6:12 | Investigar | Treadmill Crane |
| 6:12 | Investigar | Tech 908 |
| 6:13 | Investigar | Tech 908 |
| 6:13 | Investigar | Careening |
| 6:14 | Investigar | Careening |
| 6:15 | Investigar | Atlatl |
| 8:22 | Construir | Archery Range |
| 8:24 | Construir | Archery Range |
| 8:25 | Construir | Archery Range |
| 8:27 | Construir | Archery Range |
| 9:58 | Crear | Archer ×5 |
| 9:58 | Crear | Archer ×5 |
| 9:58 | Crear | Archer ×5 |
| 9:58 | Crear | Archer ×5 |
| 9:59 | Crear | Archer ×5 |
| 9:59 | Crear | Archer ×5 |
| 9:59 | Crear | Archer ×5 |
| 10:00 | Crear | Archer ×5 |
| 10:00 | Crear | Archer ×5 |
| 10:00 | Crear | Archer ×5 |
| 10:00 | Crear | Archer ×5 |
| 10:01 | Crear | Archer ×5 |
| 10:01 | Crear | Archer ×5 |
| 10:01 | Crear | Archer ×5 |
| 10:01 | Crear | Archer ×5 |
| 10:02 | Crear | Archer ×5 |
| 10:02 | Crear | Archer ×5 |
| 10:02 | Crear | Archer ×5 |
| 10:02 | Crear | Archer ×5 |
| 10:03 | Crear | Archer ×5 |
| 10:03 | Crear | Archer ×5 |
| 10:03 | Crear | Archer ×5 |
| 10:03 | Crear | Archer ×5 |
| 10:54 | Crear | Archer ×5 |
| 10:54 | Crear | Archer ×5 |
| 10:55 | Crear | Archer ×5 |
| 10:55 | Crear | Archer ×5 |
| 10:55 | Crear | Archer ×5 |
| 10:55 | Crear | Archer ×5 |
| 11:32 | Construir | Archery Range |
| 11:34 | Construir | Archery Range |
| 11:36 | Construir | Archery Range |
| 11:37 | Construir | Archery Range |
| 11:47 | Crear | Archer ×5 |
| 11:48 | Crear | Archer ×5 |
| 11:48 | Crear | Archer ×5 |
| 11:48 | Crear | Archer ×5 |
| 11:48 | Crear | Archer ×5 |
| 11:49 | Crear | Archer ×5 |
| 11:49 | Crear | Archer ×5 |
| 11:49 | Crear | Archer ×5 |
| 11:50 | Crear | Archer ×5 |
| 11:50 | Crear | Archer ×5 |
| 11:50 | Crear | Archer ×5 |
| 11:50 | Crear | Archer ×4 |
| 12:28 | Construir | Mill |
| 12:32 | Construir | Mill |
| 12:37 | Construir | Mill |
| 13:46 | Construir | Mill |
| 13:55 | Construir | Mill |
| 14:03 | Construir | Mill |
| 14:07 | Construir | Mill |
| 15:03 | Construir | Mill |
| 15:07 | Construir | Mill |
| 15:56 | Construir | House |
| 16:00 | Construir | House |
| 16:02 | Construir | House |
| 16:07 | Construir | House |
| 16:09 | Construir | House |
| 16:11 | Construir | House |
| 16:37 | Construir | House |
| 16:39 | Construir | House |
| 18:10 | Construir | Monastery |
| 18:35 | Construir | Outpost |
| 18:37 | Construir | Outpost |
| 19:06 | Investigar | Sanctity |
| 19:07 | Investigar | Redemption |
| 19:08 | Investigar | Atonement |
| 19:09 | Investigar | Fervor |
| 19:10 | Investigar | Devotion |
| 19:11 | Investigar | Herbal Medicine |
| 19:11 | Investigar | Heresy |
| 19:50 | Construir | Outpost |
| 19:53 | Construir | Outpost |
| 19:55 | Construir | Outpost |
| 19:57 | Construir | Outpost |
| 20:20 | Construir | Watch Tower |
| 20:23 | Construir | Watch Tower |
| 20:24 | Construir | Watch Tower |
| 20:25 | Construir | Watch Tower |
| 20:27 | Construir | Watch Tower |
| 20:28 | Construir | Watch Tower |
| 20:35 | Construir | Stone Wall |
| 20:38 | Construir | Stone Wall |
| 20:49 | Construir | Stone Wall |
| 20:59 | Construir | Stone Wall |
| 21:12 | Construir | Gate |
| 21:20 | Construir | Gate |
| 23:38 | Construir | Archery Range |
| 23:39 | Construir | Archery Range |
| 23:48 | Construir | Archery Range |
| 23:50 | Construir | Archery Range |
| 23:52 | Construir | Archery Range |
| 23:59 | Construir | Archery Range |
| 24:00 | Construir | Archery Range |
| 24:02 | Construir | Archery Range |
| 24:45 | Investigar | Elite Skirmisher (upgrade) |
| 25:49 | Crear | Archer ×5 |
| 25:49 | Crear | Archer ×5 |
| 25:49 | Crear | Archer ×5 |
| 25:50 | Crear | Archer ×5 |
| 25:50 | Crear | Archer ×5 |
| 25:50 | Crear | Archer ×5 |
| 25:50 | Crear | Archer ×5 |
| 25:51 | Crear | Archer ×5 |
| 25:51 | Crear | Archer ×5 |
| 25:51 | Crear | Archer ×5 |
| 26:31 | Crear | Archer ×5 |
| 26:31 | Crear | Archer ×5 |
| 26:32 | Crear | Archer ×5 |
| 26:48 | Construir | Archery Range |
| 26:50 | Construir | Archery Range |
| 26:51 | Construir | Archery Range |
| 26:53 | Construir | Archery Range |
| 27:02 | Construir | Archery Range |
| 27:03 | Construir | Archery Range |
| 27:05 | Construir | Archery Range |
| 27:08 | Construir | Archery Range |
| 28:27 | Crear | Archer ×5 |
| 28:28 | Crear | Archer ×5 |
Build order — 14
Primeras 150 de 151 acciones detectadas
| 10:34 | Construir | Stable |
| 11:03 | Construir | Stable |
| 11:03 | Construir | Stable |
| 11:03 | Construir | Stable |
| 11:05 | Construir | Stable |
| 11:05 | Construir | Stable |
| 11:06 | Construir | Stable |
| 11:08 | Construir | Stable |
| 11:50 | Investigar | Bloodlines |
| 11:51 | Investigar | Bloodlines |
| 12:02 | Construir | Stable |
| 12:07 | Construir | Stable |
| 12:08 | Construir | Stable |
| 12:22 | Construir | Stable |
| 12:23 | Construir | Stable |
| 12:23 | Construir | Stable |
| 13:05 | Construir | Stable |
| 13:13 | Construir | Stable |
| 13:19 | Construir | Stable |
| 16:29 | Construir | Stable |
| 16:31 | Construir | Stable |
| 16:32 | Construir | Stable |
| 16:34 | Construir | Stable |
| 16:35 | Construir | Stable |
| 16:37 | Construir | Stable |
| 16:41 | Construir | Stable |
| 16:43 | Construir | Stable |
| 16:46 | Construir | Stable |
| 16:48 | Construir | Stable |
| 16:50 | Construir | Stable |
| 16:53 | Construir | Stable |
| 18:47 | Construir | Stone Wall |
| 19:29 | Construir | Archery Range |
| 19:30 | Construir | Archery Range |
| 19:31 | Construir | Archery Range |
| 19:33 | Construir | Archery Range |
| 19:35 | Construir | Archery Range |
| 19:37 | Construir | Archery Range |
| 21:07 | Investigar | Iron Casting |
| 21:08 | Investigar | Chain Barding Armor |
| 21:09 | Investigar | Bodkin Arrow |
| 21:13 | Investigar | Husbandry |
| 21:14 | Investigar | Husbandry |
| 21:21 | Investigar | Leather Archer Armor |
| 21:21 | Investigar | Leather Archer Armor |
| 21:23 | Investigar | Ballistics |
| 23:08 | Crear | Knight ×5 |
| 23:09 | Crear | Knight ×5 |
| 23:09 | Crear | Knight ×5 |
| 23:09 | Crear | Knight ×5 |
| 23:10 | Crear | Knight ×5 |
| 23:10 | Crear | Knight ×5 |
| 23:10 | Crear | Knight ×5 |
| 23:10 | Crear | Knight ×5 |
| 23:11 | Crear | Knight ×5 |
| 23:11 | Crear | Knight ×5 |
| 23:11 | Crear | Knight ×5 |
| 23:12 | Crear | Knight ×5 |
| 23:13 | Crear | Knight ×5 |
| 23:13 | Crear | Knight ×5 |
| 23:13 | Crear | Knight ×5 |
| 23:14 | Crear | Knight ×5 |
| 23:34 | Crear | Cavalry Archer ×5 |
| 23:34 | Crear | Cavalry Archer ×5 |
| 23:34 | Crear | Cavalry Archer ×5 |
| 23:35 | Crear | Cavalry Archer ×5 |
| 23:37 | Crear | Cavalry Archer ×5 |
| 23:38 | Crear | Cavalry Archer ×5 |
| 23:38 | Crear | Cavalry Archer ×5 |
| 23:38 | Crear | Cavalry Archer ×5 |
| 23:39 | Crear | Cavalry Archer ×5 |
| 23:45 | Crear | Cavalry Archer ×5 |
| 23:45 | Crear | Cavalry Archer ×5 |
| 23:45 | Crear | Cavalry Archer ×5 |
| 23:46 | Crear | Cavalry Archer ×5 |
| 23:53 | Crear | Knight ×5 |
| 23:54 | Crear | Knight ×5 |
| 23:54 | Crear | Knight ×4 |
| 26:12 | Crear | Cavalry Archer ×5 |
| 26:12 | Crear | Cavalry Archer ×5 |
| 26:13 | Crear | Cavalry Archer ×5 |
| 26:13 | Crear | Cavalry Archer ×5 |
| 26:13 | Crear | Cavalry Archer ×5 |
| 26:14 | Crear | Cavalry Archer ×5 |
| 26:14 | Crear | Cavalry Archer ×5 |
| 26:16 | Crear | Knight ×5 |
| 26:16 | Crear | Knight ×5 |
| 26:16 | Crear | Knight ×5 |
| 26:17 | Crear | Knight ×5 |
| 26:17 | Crear | Knight ×5 |
| 26:17 | Crear | Knight ×5 |
| 26:18 | Crear | Knight ×5 |
| 26:18 | Crear | Knight ×5 |
| 26:18 | Crear | Knight ×5 |
| 26:25 | Construir | Archery Range |
| 26:27 | Construir | Archery Range |
| 26:28 | Construir | Archery Range |
| 26:34 | Construir | Archery Range |
| 27:51 | Crear | Cavalry Archer ×5 |
| 27:51 | Crear | Cavalry Archer ×5 |
| 27:52 | Crear | Cavalry Archer ×5 |
| 27:52 | Crear | Cavalry Archer ×5 |
| 27:52 | Crear | Cavalry Archer ×5 |
| 27:53 | Crear | Cavalry Archer ×5 |
| 27:53 | Crear | Cavalry Archer ×5 |
| 27:58 | Construir | Archery Range |
| 28:00 | Construir | Archery Range |
| 28:02 | Construir | Archery Range |
| 28:03 | Construir | Archery Range |
| 28:05 | Construir | Archery Range |
| 28:24 | Crear | Cavalry Archer ×5 |
| 28:24 | Crear | Cavalry Archer ×5 |
| 28:25 | Crear | Cavalry Archer ×5 |
| 28:25 | Crear | Cavalry Archer ×5 |
| 28:28 | Crear | Knight ×5 |
| 28:29 | Crear | Knight ×5 |
| 28:29 | Crear | Knight ×5 |
| 28:29 | Crear | Knight ×5 |
| 28:30 | Crear | Knight ×5 |
| 28:30 | Crear | Knight ×5 |
| 28:30 | Crear | Knight ×5 |
| 28:32 | Crear | Knight ×5 |
| 28:33 | Crear | Knight ×5 |
| 28:33 | Crear | Knight ×5 |
| 28:34 | Crear | Knight ×5 |
| 28:34 | Crear | Knight ×5 |
| 28:34 | Crear | Knight ×5 |
| 28:35 | Crear | Knight ×5 |
| 28:35 | Crear | Knight ×5 |
| 28:36 | Crear | Knight ×5 |
| 28:36 | Crear | Knight ×5 |
| 28:36 | Crear | Knight ×5 |
| 28:37 | Crear | Knight ×5 |
| 28:41 | Construir | Archery Range |
| 28:42 | Construir | Archery Range |
| 28:44 | Construir | Archery Range |
| 28:47 | Construir | Archery Range |
| 28:48 | Construir | Archery Range |
| 29:20 | Crear | Knight ×5 |
| 29:21 | Crear | Knight ×5 |
| 29:21 | Crear | Knight ×5 |
| 29:21 | Crear | Knight ×5 |
| 29:21 | Crear | Knight ×5 |
| 29:22 | Crear | Knight ×5 |
| 29:22 | Crear | Knight ×5 |
| 29:23 | Crear | Knight ×5 |
| 29:23 | Crear | Knight ×5 |
| 29:23 | Crear | Knight ×5 |
| 29:24 | Crear | Knight ×5 |
| 29:24 | Crear | Knight ×5 |
Build order — SubduedSeeker81
Primeras 150 de 192 acciones detectadas
| 3:11 | Construir | Stone Wall |
| 5:04 | Construir | Gate |
| 5:23 | Construir | Stone Wall |
| 6:25 | Construir | Stone Wall |
| 6:43 | Construir | Archery Range |
| 6:45 | Construir | Archery Range |
| 6:46 | Construir | Archery Range |
| 6:48 | Construir | Archery Range |
| 7:03 | Construir | Stone Wall |
| 10:07 | Construir | Stable |
| 10:11 | Investigar | Crossbowman (upgrade) |
| 10:11 | Investigar | Thumb Ring |
| 10:49 | Crear | Archer ×5 |
| 10:49 | Crear | Archer ×5 |
| 10:49 | Crear | Archer ×5 |
| 10:50 | Crear | Archer ×5 |
| 10:50 | Crear | Archer ×5 |
| 10:50 | Crear | Archer ×5 |
| 10:50 | Crear | Archer ×5 |
| 10:51 | Crear | Archer ×5 |
| 10:51 | Crear | Archer ×5 |
| 10:51 | Crear | Archer ×5 |
| 10:52 | Crear | Archer ×5 |
| 10:52 | Crear | Archer ×5 |
| 10:52 | Crear | Archer ×5 |
| 10:52 | Crear | Archer ×4 |
| 11:05 | Investigar | Bodkin Arrow |
| 11:06 | Investigar | Leather Archer Armor |
| 11:09 | Investigar | Treadmill Crane |
| 11:10 | Investigar | Ballistics |
| 11:12 | Investigar | Guard Tower (upgrade) |
| 11:12 | Investigar | Tech 909 |
| 11:13 | Investigar | Tech 908 |
| 11:14 | Investigar | Careening |
| 12:52 | Investigar | Husbandry |
| 12:59 | Crear | Archer ×5 |
| 13:00 | Crear | Archer ×5 |
| 13:00 | Crear | Archer ×5 |
| 13:00 | Crear | Archer ×5 |
| 13:01 | Crear | Archer |
| 13:01 | Crear | Archer |
| 13:22 | Construir | Archery Range |
| 13:24 | Construir | Archery Range |
| 13:52 | Crear | Archer ×5 |
| 13:52 | Crear | Archer ×5 |
| 13:52 | Crear | Archer ×5 |
| 14:35 | Crear | Archer ×5 |
| 14:36 | Crear | Archer ×5 |
| 14:36 | Crear | Archer ×5 |
| 14:36 | Crear | Archer ×5 |
| 14:48 | Crear | Archer ×5 |
| 14:48 | Crear | Archer ×5 |
| 14:48 | Crear | Archer ×3 |
| 15:14 | Crear | Knight ×5 |
| 15:15 | Crear | Knight ×5 |
| 15:15 | Crear | Knight ×5 |
| 15:15 | Crear | Knight ×5 |
| 15:15 | Crear | Knight ×5 |
| 15:54 | Construir | Watch Tower |
| 15:56 | Construir | Watch Tower |
| 15:57 | Construir | Watch Tower |
| 15:58 | Construir | Watch Tower |
| 15:59 | Construir | Watch Tower |
| 16:00 | Construir | Watch Tower |
| 16:02 | Construir | Watch Tower |
| 16:03 | Construir | Watch Tower |
| 16:04 | Construir | Watch Tower |
| 16:05 | Construir | Watch Tower |
| 16:06 | Construir | Watch Tower |
| 16:07 | Construir | Watch Tower |
| 16:08 | Construir | Watch Tower |
| 16:09 | Construir | Watch Tower |
| 16:10 | Construir | Watch Tower |
| 16:12 | Construir | Watch Tower |
| 16:22 | Crear | Archer ×3 |
| 16:23 | Crear | Archer ×3 |
| 16:30 | Crear | Knight ×2 |
| 16:30 | Crear | Knight ×2 |
| 16:34 | Crear | Archer ×5 |
| 16:34 | Crear | Archer ×5 |
| 16:34 | Crear | Archer ×5 |
| 16:35 | Crear | Archer ×5 |
| 16:35 | Crear | Archer |
| 16:35 | Crear | Archer |
| 17:31 | Crear | Archer ×5 |
| 17:31 | Crear | Archer ×5 |
| 17:31 | Crear | Archer ×3 |
| 17:47 | Construir | Archery Range |
| 17:49 | Construir | Archery Range |
| 17:50 | Construir | Archery Range |
| 17:52 | Construir | Archery Range |
| 17:55 | Construir | Archery Range |
| 17:57 | Construir | Archery Range |
| 17:59 | Construir | Archery Range |
| 18:13 | Construir | Archery Range |
| 18:15 | Construir | Archery Range |
| 18:17 | Construir | Archery Range |
| 18:18 | Construir | Archery Range |
| 19:06 | Crear | Archer ×5 |
| 19:06 | Crear | Archer ×5 |
| 19:06 | Crear | Archer ×5 |
| 19:07 | Crear | Archer ×5 |
| 21:23 | Crear | Archer ×5 |
| 21:24 | Crear | Archer ×5 |
| 21:24 | Crear | Archer ×5 |
| 21:24 | Crear | Archer ×5 |
| 21:25 | Crear | Archer ×5 |
| 21:31 | Crear | Archer ×5 |
| 21:32 | Crear | Archer ×5 |
| 21:32 | Crear | Archer ×5 |
| 21:32 | Crear | Archer ×5 |
| 21:33 | Crear | Archer ×5 |
| 21:33 | Crear | Archer ×5 |
| 21:33 | Crear | Archer ×5 |
| 21:33 | Crear | Archer ×5 |
| 21:34 | Crear | Archer ×5 |
| 21:34 | Crear | Archer ×5 |
| 21:34 | Crear | Archer ×5 |
| 21:35 | Crear | Archer |
| 22:31 | Crear | Archer ×5 |
| 22:31 | Crear | Archer ×5 |
| 22:31 | Crear | Archer ×5 |
| 22:32 | Crear | Archer ×4 |
| 22:32 | Crear | Archer ×3 |
| 22:32 | Crear | Archer ×3 |
| 22:45 | Crear | Archer |
| 23:01 | Crear | Knight ×5 |
| 23:01 | Crear | Knight ×5 |
| 23:02 | Crear | Knight ×5 |
| 23:02 | Crear | Knight ×3 |
| 23:54 | Crear | Archer ×5 |
| 23:54 | Crear | Archer ×5 |
| 23:54 | Crear | Archer ×5 |
| 23:55 | Crear | Archer ×5 |
| 23:55 | Crear | Archer ×3 |
| 23:55 | Crear | Archer ×3 |
| 24:26 | Construir | Archery Range |
| 24:27 | Construir | Archery Range |
| 26:21 | Crear | Archer ×5 |
| 26:21 | Crear | Archer ×5 |
| 26:21 | Crear | Archer ×5 |
| 26:22 | Crear | Archer ×5 |
| 26:22 | Crear | Archer ×5 |
| 26:22 | Crear | Archer ×5 |
| 26:22 | Crear | Archer ×5 |
| 27:10 | Crear | Archer ×5 |
| 27:10 | Crear | Archer ×5 |
| 27:10 | Crear | Archer ×5 |
| 27:11 | Crear | Archer ×5 |
| 27:11 | Crear | Archer ×5 |
Build order — BRUNVADER
Primeras 150 de 175 acciones detectadas
| 11:33 | Investigar | Iron Casting |
| 11:34 | Investigar | Bodkin Arrow |
| 11:36 | Investigar | Chain Barding Armor |
| 11:38 | Investigar | Leather Archer Armor |
| 11:38 | Investigar | Chain Mail Armor |
| 11:41 | Investigar | Ballistics |
| 11:42 | Investigar | Treadmill Crane |
| 11:43 | Investigar | Guard Tower (upgrade) |
| 12:20 | Construir | Stable |
| 12:26 | Construir | Stable |
| 12:29 | Construir | Stable |
| 12:32 | Construir | Stable |
| 12:37 | Construir | Stable |
| 12:40 | Construir | Stable |
| 12:42 | Construir | Stable |
| 12:43 | Construir | Stable |
| 12:45 | Construir | Stable |
| 12:47 | Construir | Stable |
| 12:54 | Construir | Archery Range |
| 12:57 | Construir | Archery Range |
| 12:59 | Construir | Archery Range |
| 13:31 | Investigar | Husbandry |
| 13:31 | Investigar | Bloodlines |
| 13:32 | Investigar | Light Cavalry (upgrade) |
| 13:34 | Crear | Camel Scout ×5 |
| 13:35 | Crear | Camel Scout ×5 |
| 13:35 | Crear | Camel Scout ×5 |
| 13:35 | Crear | Camel Scout ×5 |
| 13:36 | Crear | Camel Scout ×5 |
| 13:38 | Crear | Camel Scout ×5 |
| 15:37 | Crear | Camel Scout ×5 |
| 15:37 | Crear | Camel Scout ×5 |
| 15:37 | Crear | Camel Scout ×5 |
| 15:37 | Crear | Camel Scout ×5 |
| 15:38 | Crear | Camel Scout ×5 |
| 15:38 | Crear | Camel Scout ×5 |
| 15:46 | Construir | Stone Wall |
| 16:00 | Construir | Stone Wall |
| 16:55 | Crear | Camel Scout ×5 |
| 16:55 | Crear | Camel Scout ×5 |
| 16:56 | Crear | Camel Scout ×5 |
| 16:56 | Crear | Camel Scout ×5 |
| 16:56 | Crear | Camel Scout ×5 |
| 16:56 | Crear | Camel Scout ×5 |
| 16:57 | Crear | Camel Scout ×5 |
| 16:57 | Crear | Camel Scout ×5 |
| 16:57 | Crear | Camel Scout ×5 |
| 16:57 | Crear | Camel Scout ×5 |
| 16:58 | Crear | Camel Scout ×5 |
| 16:58 | Crear | Camel Scout ×5 |
| 16:58 | Crear | Camel Scout ×5 |
| 17:30 | Crear | Camel Scout ×5 |
| 17:31 | Crear | Camel Scout ×5 |
| 17:31 | Crear | Camel Scout ×5 |
| 17:31 | Crear | Camel Scout ×5 |
| 17:32 | Crear | Camel Scout ×5 |
| 17:32 | Crear | Camel Scout ×5 |
| 17:32 | Crear | Camel Scout ×4 |
| 18:33 | Crear | Camel Scout ×5 |
| 18:33 | Crear | Camel Scout ×5 |
| 18:34 | Crear | Camel Scout ×5 |
| 18:34 | Crear | Camel Scout ×5 |
| 18:34 | Crear | Camel Scout ×5 |
| 18:34 | Crear | Camel Scout ×5 |
| 18:35 | Crear | Camel Scout ×5 |
| 18:35 | Crear | Camel Scout ×5 |
| 18:35 | Crear | Camel Scout ×5 |
| 18:37 | Crear | Camel Scout |
| 18:38 | Crear | Camel Scout |
| 18:57 | Construir | Siege Workshop |
| 18:59 | Construir | Siege Workshop |
| 19:01 | Construir | Siege Workshop |
| 19:03 | Construir | Siege Workshop |
| 19:06 | Construir | Siege Workshop |
| 19:08 | Construir | Siege Workshop |
| 19:22 | Crear | Camel Scout ×5 |
| 19:23 | Crear | Camel Scout ×5 |
| 19:23 | Crear | Camel Scout ×5 |
| 19:23 | Crear | Camel Scout ×5 |
| 19:23 | Crear | Camel Scout ×5 |
| 19:24 | Crear | Camel Scout ×5 |
| 19:24 | Crear | Camel Scout ×5 |
| 19:24 | Crear | Camel Scout ×5 |
| 19:24 | Crear | Camel Scout |
| 20:03 | Crear | Camel Scout ×5 |
| 20:03 | Crear | Camel Scout ×5 |
| 20:04 | Crear | Camel Scout ×5 |
| 20:04 | Crear | Camel Scout ×5 |
| 20:04 | Crear | Camel Scout ×5 |
| 20:04 | Crear | Camel Scout ×5 |
| 20:05 | Crear | Camel Scout ×5 |
| 20:07 | Crear | Camel Scout |
| 20:07 | Crear | Camel Scout |
| 20:08 | Crear | Camel Scout |
| 20:16 | Crear | Battering Ram ×5 |
| 20:16 | Crear | Battering Ram ×5 |
| 20:16 | Crear | Battering Ram ×5 |
| 20:16 | Crear | Battering Ram ×5 |
| 20:17 | Crear | Battering Ram ×5 |
| 20:49 | Investigar | Thumb Ring |
| 20:51 | Investigar | Crossbowman (upgrade) |
| 20:52 | Investigar | Elite Skirmisher (upgrade) |
| 20:54 | Crear | Cavalry Archer ×5 |
| 20:54 | Crear | Cavalry Archer ×5 |
| 20:54 | Crear | Cavalry Archer ×5 |
| 20:55 | Crear | Cavalry Archer ×5 |
| 20:55 | Crear | Cavalry Archer ×5 |
| 22:15 | Investigar | Bracer |
| 22:16 | Investigar | Ring Archer Armor |
| 22:16 | Investigar | Blast Furnace |
| 22:17 | Investigar | Plate Barding Armor |
| 22:18 | Investigar | Plate Barding Armor |
| 22:18 | Investigar | Plate Mail Armor |
| 22:21 | Investigar | Chemistry |
| 22:21 | Investigar | Arrowslits |
| 22:22 | Investigar | Keep (upgrade) |
| 22:23 | Investigar | Siege Engineers |
| 22:25 | Investigar | Tech 454 |
| 22:29 | Investigar | Tech 28 |
| 22:29 | Investigar | Elite Mameluke (upgrade) |
| 22:35 | Construir | Archery Range |
| 22:41 | Construir | Stable |
| 22:41 | Construir | Stable |
| 22:45 | Construir | Stable |
| 22:52 | Investigar | Capped Ram (upgrade) |
| 22:56 | Crear | Battering Ram ×5 |
| 22:56 | Crear | Battering Ram ×5 |
| 22:57 | Crear | Battering Ram ×5 |
| 22:57 | Crear | Battering Ram ×5 |
| 22:57 | Crear | Battering Ram ×5 |
| 22:57 | Crear | Battering Ram ×5 |
| 22:58 | Crear | Battering Ram ×5 |
| 23:09 | Construir | Gate |
| 23:25 | Crear | Camel Scout ×5 |
| 23:25 | Crear | Camel Scout ×5 |
| 23:25 | Crear | Camel Scout ×5 |
| 23:26 | Crear | Camel Scout ×5 |
| 23:26 | Crear | Camel Scout ×5 |
| 23:26 | Crear | Camel Scout ×5 |
| 23:27 | Crear | Camel Scout ×5 |
| 23:34 | Investigar | Heavy Camel Rider (upgrade) |
| 23:35 | Crear | Camel Scout ×5 |
| 23:35 | Crear | Camel Scout ×5 |
| 23:35 | Crear | Camel Scout ×5 |
| 23:36 | Crear | Camel Scout ×5 |
| 23:36 | Crear | Camel Scout ×4 |
| 23:39 | Investigar | Spies/Treason |
| 23:40 | Investigar | Conscription |
| 23:48 | Investigar | Heavy Cavalry Archer (upgrade) |
| 23:48 | Investigar | Parthian Tactics |
Build order — Road to Silver 4
0 acciones detectadas en el replay
Cronología de la partida
| 2:29 | Draven · first_building Archery Range |
| 3:11 | SubduedSeeker81 · wall_segment Stone Wall x15 |
| 4:17 | Draven · wall_segment Stone Wall x12 |
| 5:23 | SubduedSeeker81 · wall_segment Stone Wall x4 |
| 6:25 | SubduedSeeker81 · wall_segment Stone Wall x15 |
| 6:43 | SubduedSeeker81 · first_building Archery Range |
| 7:03 | SubduedSeeker81 · wall_segment Stone Wall x16 |
| 10:07 | SubduedSeeker81 · first_building Stable |
| 10:34 | 14 · first_building Stable |
| 11:55 | Road to Silver 4 · resign |
| 12:20 | BRUNVADER · first_building Stable |
| 12:54 | BRUNVADER · first_building Archery Range |
| 15:46 | BRUNVADER · wall_segment Stone Wall x14 |
| 16:00 | BRUNVADER · wall_segment Stone Wall x14 |
| 18:10 | Draven · first_building Monastery |
| 18:47 | 14 · wall_segment Stone Wall x15 |
| 18:57 | BRUNVADER · first_building Siege Workshop |
| 19:29 | 14 · first_building Archery Range |
| 20:35 | Draven · wall_segment Stone Wall x1 |
| 20:38 | Draven · wall_segment Stone Wall x1 |
| 20:49 | Draven · wall_segment Stone Wall x1 |
| 20:59 | Draven · wall_segment Stone Wall x15 |
| 24:52 | IroncladLemur23 · first_building Stable |
| 28:36 | BRUNVADER · wall_segment Stone Wall x2 |
| 29:41 | hygoas · first_building Stable |
| 30:04 | hygoas · first_building Siege Workshop |
[ ANÁLISIS IA · 1 CRÉDITO ]
¿Qué pasó realmente en esta partida?
Wolo.gg analiza cada decisión: build order, eco, micro, errores típicos por bracket. Análisis personalizado por WhatsApp o Discord en 30 segundos.
Guía civ
Búlgaros
Guía mapa
CBA_=REQUIEM=_V292 (Scenario)
Perfil
Jugador #8576963